| TOP OF THE 1ST |
|
Caldwell Claws batting - Pitching for Magic Valley Magicians : RHP Roger Miller
|
|
Pitching: RHP Roger Miller
|
|
|
Batting: LHB Robert Kraft
|
0-0: Ball 1-0: Foul Ball, location: 2F 1-1: Called Strike 1-2: Foul Ball, location: 2F 1-2: Foul Ball, location: 2F 1-2: Ball 2-2: SINGLE (Line Drive, 7S)
|
|
Batting: RHB Steve M Davis
|
0-0: Ball Robert Kraft steals 2nd base 1-0: Called Strike Robert Kraft steals 3rd base (no throw) 1-1: Ball 2-1: Foul Ball, location: 2F 2-2: Ball 3-2: Ground out 6-3 (Groundball, 6) Robert Kraft scores
|
|
Batting: LHB Jose Perales
|
0-0: Ball 1-0: Ball 2-0: Ball 3-0: Base on Balls
|
|
Batting: LHB Broderick Perkins
|
0-0: Ball 1-0: Ball 2-0: Called Strike 2-1: Ball 3-1: Base on Balls Jose Perales to second
|
|
Batting: RHB Terrance Lynch
|
0-0: Fly out, F9 (Line Drive, 9D) Runner from 2nd tags up, SAFE at 3rd, no throw by RF
|
|
Batting: LHB Rance Mulliniks
|
0-0: Ball 1-0: Ball 2-0: Foul Ball, location: 2F 2-1: Called Strike 2-2: Strikes out swinging
|
| Top of the 1st over - 1 run, 1 hit, 0 errors, 2 left on base; Caldwell 1 - Magic Valley 0 |
| BOTTOM OF THE 1ST |
|
Magic Valley Magicians batting - Pitching for Caldwell Claws : LHP John Miller
|
|
Pitching: LHP John Miller
|
|
|
Batting: RHB Talmadge Tanks
|
0-0: Ball 1-0: SINGLE (Flyball, 7LM)
|
|
Batting: RHB Ryan Lancey
|
0-0: Ball 1-0: Called Strike 1-1: Fly out, F9 (Flyball, 89D)
|
|
Batting: LHB Freddie Tisdale
|
0-0: Foul Ball, location: 2F 0-1: Called Strike 0-2: Ball 1-2: Fly out, F4 (Flyball, 3D)
|
|
Batting: RHB Martinho Remdio
|
Pickoff Throw to First - Error! E1 Talmadge Tanks to second 0-0: Foul Ball, location: 2F 0-1: Foul Ball, location: 2F 0-2: Ground out 4-3 (Groundball, 4)
|
| Bottom of the 1st over - 0 runs, 1 hit, 1 error, 1 left on base; Caldwell 1 - Magic Valley 0 |
| TOP OF THE 2ND |
|
Caldwell Claws batting - Pitching for Magic Valley Magicians : RHP Roger Miller
|
|
Batting: LHB Patrick McNally
|
0-0: Ball 1-0: Called Strike 1-1: Ball 2-1: Foul Ball, location: 2F 2-2: Foul Ball, location: 2F 2-2: Ground out 1-3 (Groundball, 34S)
|
|
Batting: SHB Robert Glass
|
0-0: Called Strike 0-1: Ball 1-1: Ground out 4-3 (Groundball, 4)
|
|
Batting: RHB Greg Biagini
|
0-0: Ball 1-0: Called Strike 1-1: Called Strike 1-2: TRIPLE (Flyball, 78XD)
|
|
Batting: LHB Robert Kraft
|
0-0: Ball 1-0: Ball 2-0: Ball 3-0: Base on Balls
|
|
Batting: RHB Steve M Davis
|
0-0: Ball 1-0: Ball 2-0: Fielders Choice at 2nd, U4 (Groundball, 4M)
|
| Top of the 2nd over - 0 runs, 1 hit, 0 errors, 2 left on base; Caldwell 1 - Magic Valley 0 |
| BOTTOM OF THE 2ND |
|
Magic Valley Magicians batting - Pitching for Caldwell Claws : LHP John Miller
|
|
Batting: RHB John Helfrick
|
0-0: SINGLE (Line Drive, 34D)
|
|
Batting: RHB Gary Raco
|
0-0: Called Strike 0-1: Ball 1-1: Ball 2-1: Grounds into double play, 6-4-3 (Groundball, 56)
|
|
Batting: RHB Michael Stone
|
0-0: Ball 1-0: Fly out, F7 (Flyball, 78S)
|
| Bottom of the 2nd over - 0 runs, 1 hit, 0 errors, 0 left on base; Caldwell 1 - Magic Valley 0 |
| TOP OF THE 3RD |
|
Caldwell Claws batting - Pitching for Magic Valley Magicians : RHP Roger Miller
|
|
Batting: LHB Jose Perales
|
0-0: Called Strike 0-1: Ball 1-1: Ball 2-1: Foul Ball, location: 2F 2-2: DOUBLE (Line Drive, 8RXD)
|
|
Batting: LHB Broderick Perkins
|
0-0: Called Strike 0-1: Ball 1-1: Foul Ball, location: 2F 1-2: Fly out, F8 (Flyball, 8RD) Runner from 2nd tags up, SAFE at 3rd with throw by CF
|
|
Batting: RHB Terrance Lynch
|
0-0: Ball 1-0: Ball 2-0: Ground out 6-3 (Groundball, 6S) Jose Perales scores
|
|
Batting: LHB Rance Mulliniks
|
0-0: Called Strike 0-1: Foul Ball, location: 2F 0-2: Ball 1-2: Ground out 6-3 (Groundball, 6)
|
| Top of the 3rd over - 1 run, 1 hit, 0 errors, 0 left on base; Caldwell 2 - Magic Valley 0 |
| BOTTOM OF THE 3RD |
|
Magic Valley Magicians batting - Pitching for Caldwell Claws : LHP John Miller
|
|
Batting: RHB Clinton Sander
|
0-0: Ball 1-0: Called Strike 1-1: Ball 2-1: Ground out 5-3 (Groundball, 56)
|
|
Batting: RHB Jeffrey Cronk
|
0-0: Ball 1-0: Ball 2-0: Ground out 6-3 (Groundball, 6M)
|
|
Batting: RHB Talmadge Tanks
|
0-0: Foul Ball, location: 2F 0-1: Called Strike 0-2: Fly out, F8 (Flyball, 89M)
|
| Bottom of the 3rd over - 0 runs, 0 hits, 0 errors, 0 left on base; Caldwell 2 - Magic Valley 0 |
| TOP OF THE 4TH |
|
Caldwell Claws batting - Pitching for Magic Valley Magicians : RHP Roger Miller
|
|
Batting: LHB Patrick McNally
|
0-0: Ball 1-0: Fly out, F9 (Flyball, 9D)
|
|
Batting: SHB Robert Glass
|
0-0: Ball 1-0: Called Strike 1-1: Ball 2-1: Swinging Strike 2-2: SINGLE (Line Drive, 89S)
|
|
Batting: RHB Greg Biagini
|
0-0: Called Strike 0-1: Foul Ball, location: 2F 0-2: SINGLE (Flyball, 7LS) Robert Glass to second
|
|
Batting: LHB Robert Kraft
|
0-0: Foul Ball, location: 2F 0-1: Ball 1-1: Foul Ball, location: 2F 1-2: Ball 2-2: Ball 3-2: Foul Ball, location: 2F 3-2: Fly out, F7 (Flyball, 7LM)
|
|
Batting: RHB Steve M Davis
|
0-0: Called Strike 0-1: Ball 1-1: Ground out 1-3 (Groundball, P)
|
| Top of the 4th over - 0 runs, 2 hits, 0 errors, 2 left on base; Caldwell 2 - Magic Valley 0 |
| BOTTOM OF THE 4TH |
|
Magic Valley Magicians batting - Pitching for Caldwell Claws : LHP John Miller
|
|
Batting: RHB Ryan Lancey
|
0-0: Ground out 6-3 (Groundball, 6)
|
|
Batting: LHB Freddie Tisdale
|
0-0: Foul Ball, location: 2F 0-1: SINGLE (Line Drive, 78M)
|
|
Batting: RHB Martinho Remdio
|
0-0: Called Strike 0-1: Ball 1-1: Grounds into double play, 6-4-3 (Groundball, 6)
|
| Bottom of the 4th over - 0 runs, 1 hit, 0 errors, 0 left on base; Caldwell 2 - Magic Valley 0 |
| TOP OF THE 5TH |
|
Caldwell Claws batting - Pitching for Magic Valley Magicians : RHP Roger Miller
|
|
Batting: LHB Jose Perales
|
0-0: Called Strike 0-1: Ball 1-1: Foul Ball, location: 2F 1-2: Ground out 5-3 (Groundball, 56)
|
|
Batting: LHB Broderick Perkins
|
0-0: Swinging Strike 0-1: Called Strike 0-2: Foul Ball, location: 2F 0-2: Ground out 5-3 (Groundball, 56)
|
|
Batting: RHB Terrance Lynch
|
0-0: Ball 1-0: Ball 2-0: Ball 3-0: Base on Balls
|
|
Batting: LHB Rance Mulliniks
|
0-0: Foul Ball, location: 2F 0-1: Foul Ball, location: 2F 0-2: Ball 1-2: Ball 2-2: Fly out, F8 (Flyball, 8RD)
|
| Top of the 5th over - 0 runs, 0 hits, 0 errors, 1 left on base; Caldwell 2 - Magic Valley 0 |
| BOTTOM OF THE 5TH |
|
Magic Valley Magicians batting - Pitching for Caldwell Claws : LHP John Miller
|
|
Batting: RHB John Helfrick
|
0-0: Ground out 1-3 (Groundball, P)
|
|
Batting: RHB Gary Raco
|
0-0: Fly out, F5 (Line Drive, 6)
|
|
Batting: RHB Michael Stone
|
0-0: Foul Ball, location: 2F 0-1: Ball 1-1: Foul Ball, location: 2F 1-2: SINGLE (Groundball, 56D)
|
|
Batting: RHB Clinton Sander
|
0-0: Ball 1-0: Ball 2-0: Ball 3-0: Called Strike 3-1: Base on Balls Michael Stone to second
|
|
Batting: RHB Jeffrey Cronk
|
0-0: Foul Ball, location: 2F 0-1: Fielders Choice at 2nd, 5-4 (Groundball, 5)
|
| Bottom of the 5th over - 0 runs, 1 hit, 0 errors, 2 left on base; Caldwell 2 - Magic Valley 0 |
| TOP OF THE 6TH |
|
Caldwell Claws batting - Pitching for Magic Valley Magicians : RHP Roger Miller
|
|
Batting: LHB Patrick McNally
|
0-0: Ball 1-0: Ball 2-0: Called Strike 2-1: Foul Ball, location: 2F 2-2: Ball 3-2: Base on Balls
|
|
Pitching: LHP Ricardo Rodriquez
|
|
|
Batting: SHB Robert Glass
|
0-0: Ball 1-0: Ball 2-0: Ball 3-0: Base on Balls Patrick McNally to second
|
|
Batting: RHB Greg Biagini
|
0-0: Called Strike 0-1: Ball 1-1: Ball 2-1: Swinging Strike 2-2: Foul Ball, location: 2F 2-2: Ball 3-2: Foul Ball, location: 2F 3-2: Base on Balls Patrick McNally to third Robert Glass to second
|
|
Batting: LHB Robert Kraft
|
0-0: Grounds into fielders choice 4-2 (Groundball, 4) Robert Glass to third Greg Biagini to second
|
|
Batting: RHB Steve M Davis
|
0-0: SINGLE (Flyball, 7LS) Robert Glass scores Greg Biagini to third Robert Kraft to second
|
|
Batting: LHB Jose Perales
|
0-0: Ball 1-0: Foul Ball, location: 2F 1-1: Swinging Strike 1-2: SINGLE (Groundball, 6D) Greg Biagini scores Robert Kraft to third Steve M Davis to second Runner from 3rd tries for Home, SAFE, no throw by CF
|
|
Batting: LHB Broderick Perkins
|
0-0: Ball 1-0: Foul Ball, location: 2F 1-1: Foul Ball, location: 2F 1-2: Foul Ball, location: 2F 1-2: Fielders Choice at 2nd, 4-6 (Groundball, 4) Steve M Davis to third
|
|
Batting: RHB Terrance Lynch
|
0-0: Ball 1-0: Foul Ball, location: 2F 1-1: Called Strike 1-2: Ball 2-2: Ball 3-2: Foul Ball, location: 2F 3-2: Foul Ball, location: 2F 3-2: Base on Balls Broderick Perkins to second
|
|
Batting: LHB Rance Mulliniks
|
0-0: Fly out, F9 (Line Drive, 9)
|
| Top of the 6th over - 3 runs, 2 hits, 0 errors, 3 left on base; Caldwell 5 - Magic Valley 0 |
| BOTTOM OF THE 6TH |
|
Magic Valley Magicians batting - Pitching for Caldwell Claws : LHP John Miller
|
|
Batting: RHB Talmadge Tanks
|
0-0: SINGLE (Line Drive, 8LS)
|
|
Batting: RHB Ryan Lancey
|
0-0: Ball 1-0: Ball 2-0: Swinging Strike 2-1: SINGLE (Line Drive, 89M) Talmadge Tanks to second
|
|
Batting: LHB Freddie Tisdale
|
0-0: SINGLE (Line Drive, 4D) Talmadge Tanks to third Ryan Lancey to second
|
|
Batting: RHB Martinho Remdio
|
0-0: Ball 1-0: Fly out, F8 (Line Drive, 8RD) Runner from 3rd tags up, SCORES, throw by CF
|
|
Batting: RHB John Helfrick
|
0-0: Ball 1-0: Fielders Choice at 2nd, 1-6 (Groundball, 34S) Ryan Lancey to third
|
|
Batting: RHB Gary Raco
|
0-0: Ball 1-0: Foul Ball, location: 2F 1-1: Ball 2-1: Fielders Choice at 2nd, 6-4 (Groundball, 56)
|
| Bottom of the 6th over - 1 run, 3 hits, 0 errors, 2 left on base; Caldwell 5 - Magic Valley 1 |
| TOP OF THE 7TH |
|
Caldwell Claws batting - Pitching for Magic Valley Magicians : LHP Ricardo Rodriquez
|
|
Pitching: RHP Michael Aronson
|
|
|
Batting: LHB Patrick McNally
|
0-0: Ball 1-0: Ball 2-0: Ball 3-0: Base on Balls
|
|
Batting: SHB Robert Glass
|
0-0: Called Strike 0-1: Foul Ball, location: 2F 0-2: Ball 1-2: SINGLE (Line Drive, 8RS) Patrick McNally to second
|
|
Batting: RHB Greg Biagini
|
0-0: Called Strike 0-1: Ball 1-1: Grounds into double play, 4-6-3 (Groundball, 34) Patrick McNally to third
|
|
Batting: LHB Robert Kraft
|
0-0: Intentional Walk
|
|
Batting: RHB Steve M Davis
|
0-0: Fly out, F7 (Line Drive, 7)
|
| Top of the 7th over - 0 runs, 1 hit, 0 errors, 2 left on base; Caldwell 5 - Magic Valley 1 |
| BOTTOM OF THE 7TH |
|
Magic Valley Magicians batting - Pitching for Caldwell Claws : LHP John Miller
|
|
Batting: RHB Michael Stone
|
0-0: Ball 1-0: Called Strike 1-1: Fly out, F5 (Line Drive, 5)
|
|
Batting: RHB Clinton Sander
|
0-0: Ball 1-0: Ball 2-0: Called Strike 2-1: Fly out, F9 (Flyball, 9)
|
|
Batting: RHB Jeffrey Cronk
|
0-0: Ball 1-0: SINGLE (Flyball, 78M)
|
|
Batting: RHB Talmadge Tanks
|
0-0: Ball 1-0: Ball 2-0: Ball 3-0: Called Strike 3-1: Base on Balls Jeffrey Cronk to second
|
|
Batting: RHB Ryan Lancey
|
0-0: Ball 1-0: Foul Ball, location: 2F 1-1: SINGLE (Groundball, 34D) Jeffrey Cronk to third Talmadge Tanks to second Runner from 3rd tries for Home, SAFE, throw by RF to home
|
|
Batting: LHB Freddie Tisdale
|
0-0: Foul Ball, location: 2F 0-1: Called Strike 0-2: Ball 1-2: Fly out, F7 (Line Drive, 7)
|
| Bottom of the 7th over - 1 run, 2 hits, 0 errors, 2 left on base; Caldwell 5 - Magic Valley 2 |
| TOP OF THE 8TH |
|
Caldwell Claws batting - Pitching for Magic Valley Magicians : RHP Michael Aronson
|
|
Batting: LHB Jose Perales
|
0-0: Ball 1-0: Called Strike 1-1: Ball 2-1: Fly out, F7 (Flyball, 78M)
|
|
Batting: LHB Broderick Perkins
|
0-0: Called Strike 0-1: Ball 1-1: Ball 2-1: Ball 3-1: Base on Balls
|
|
Batting: RHB Terrance Lynch
|
0-0: Ball 1-0: Swinging Strike 1-1: Ball 2-1: Foul Ball, location: 2F 2-2: Strikes out swinging
|
|
Batting: LHB Rance Mulliniks
|
0-0: Called Strike 0-1: Ground out 4-3 (Groundball, 34)
|
| Top of the 8th over - 0 runs, 0 hits, 0 errors, 1 left on base; Caldwell 5 - Magic Valley 2 |
| BOTTOM OF THE 8TH |
|
Magic Valley Magicians batting - Pitching for Caldwell Claws : LHP John Miller
|
|
Batting: RHB Martinho Remdio
|
0-0: Swinging Strike 0-1: Foul Ball, location: 2F 0-2: Ball 1-2: Ground out 3-1 (Groundball, 34)
|
|
Batting: RHB John Helfrick
|
0-0: Called Strike 0-1: Ball 1-1: Called Strike 1-2: Fly out, F5 (Line Drive, 5)
|
|
Batting: RHB Gary Raco
|
0-0: Ground out 5-3 (Groundball, 56S)
|
| Bottom of the 8th over - 0 runs, 0 hits, 0 errors, 0 left on base; Caldwell 5 - Magic Valley 2 |
| TOP OF THE 9TH |
|
Caldwell Claws batting - Pitching for Magic Valley Magicians : RHP Michael Aronson
|
|
Batting: LHB Patrick McNally
|
0-0: Called Strike 0-1: Ground out 6-3 (Groundball, 6)
|
|
Batting: SHB Robert Glass
|
0-0: Fly out, F4 (Popup, 3S)
|
|
Batting: RHB Greg Biagini
|
0-0: Ground out 6-3 (Groundball, 6)
|
| Top of the 9th over - 0 runs, 0 hits, 0 errors, 0 left on base; Caldwell 5 - Magic Valley 2 |
| BOTTOM OF THE 9TH |
|
Magic Valley Magicians batting - Pitching for Caldwell Claws : LHP John Miller
|
|
Batting: RHB Michael Stone
|
0-0: Ball 1-0: Ball 2-0: Ball 3-0: Base on Balls
|
|
Pitching: LHP Rafael Acevedo
|
|
|
Batting: RHB Clinton Sander
|
0-0: Swinging Strike 0-1: Foul Ball, location: 2F 0-2: Grounds into double play, 6-4-3 (Groundball, 6M)
|
|
Batting: RHB Jeffrey Cronk
|
0-0: Ground out 6-3 (Groundball, 6)
|
| Bottom of the 9th over - 0 runs, 0 hits, 0 errors, 0 left on base; Caldwell 5 - Magic Valley 2 |
|